AoeStats
← Mhafiki

Fortress

509016226Analyzed
2v2 RM · 8d ago on Sep 25, 2026· 50m 32s· 4 players
Game mode
Random Map
Map size
Normal (6 player)
Population
200
Speed
Normal
Resources
Standard
Victory
Conquest
Starting age
Dark Age
Ending age
Imperial Age
RankedLock teamsTeams togetherTeam positionsShared explorationLock speedFull tech treeHidden civsTurbo modeCheats
Victory
Defeat
🇺🇸 Saxons · United States
1134
+17
🇺🇸 Danes · United States
1076
+19
🇨🇱 Khmer · Chile
1170
-19
🇺🇸 Mongols · United States
1134
-17
EARLYRUSH
7:54 Feudal Age
9:44 Double-Bit Axe
12:17 Castle Age
10:54 Gold Mining
10:54 Horse Collar
13:54 Wheelbarrow
13:50 Bow Saw
14:09 Heavy Plow
18:57 Town Watch
19:28 Hand Cart
19:01 Town Watch
19:09 Loom
20:28 Gold Shaft Mining
25:34 Imperial Age
23:32 Husbandry
23:43 Bloodlines
23:40 Scale Barding Armor
25:40 Chain Barding Armor
25:31 Forging
26:07 Elite Steppe Lancer
28:01 Stone Mining
28:34 Conscription
28:19 Nomads
30:01 Light Cavalry
32:39 Iron Casting
34:04 Town Patrol
41:26 Hussar
43:33 Blast Furnace
PIPEX1356
7:48 Feudal Age
9:01 Feudal Age
12:21 Castle Age
10:32 Double-Bit Axe
10:47 Horse Collar
12:19 Gold Mining
13:08 Bloodlines
15:04 Wheelbarrow
17:54 Hand Cart
22:12 Husbandry
27:25 Devotion
27:28 Loom
31:12 Tusk Swords
34:06 Gold Shaft Mining
33:24 Stone Mining
37:05 Imperial Age
35:36 Stone Shaft Mining
35:55 Caravan
39:08 Chemistry
48:59 Bow Saw
49:12 Ballistics
49:05 Siege Engineers
49:07 Heavy Scorpion
DVaso
8:08 Feudal Age
11:52 Castle Age
9:41 Double-Bit Axe
9:37 Horse Collar
10:21 Scale Mail Armor
11:05 Loom
13:19 Chain Mail Armor
27:43 Imperial Age
26:26 Wheelbarrow
27:49 Heavy Plow
28:03 Bow Saw
28:29 Forging
28:24 Squires
29:11 Arson
30:31 Block Printing
31:33 Iron Casting
31:46 Plate Mail Armor
32:15 Conscription
34:12 Theocracy
34:05 Illumination
37:42 Redemption
38:56 Blast Furnace
38:10 Fletching
39:23 Elite Jomsviking
41:28 Bodkin Arrow
41:50 Heavy Scorpion
42:21 Hamask
43:38 Hoardings
44:56 Bracer
45:19 Ballistics
45:11 Masonry
45:29 Siege Engineers
Mhafiki
7:34 Feudal Age
12:34 Castle Age
11:33 Double-Bit Axe
11:35 Horse Collar
13:39 Bow Saw
14:34 Gold Mining
16:32 Heavy Plow
17:08 Loom
17:58 Wheelbarrow
19:40 Scale Mail Armor
21:41 Hand Cart
25:37 Forging
28:59 Imperial Age
26:39 Crossbowman
27:56 Iron Casting
27:36 Chain Mail Armor
27:11 Fletching
28:40 Padded Archer Armor
28:57 Chain Mail Armor
28:48 Town Watch
29:38 Bodkin Arrow
29:52 Thumb Ring
29:08 Arbalester
30:44 Gold Shaft Mining
30:02 Stone Mining
29:49 Shield Wall
31:17 Crop Rotation
31:59 Two-Man Saw
31:35 Town Patrol
31:36 Bracer
31:51 Leather Archer Armor
32:14 Conscription
32:14 Redemption
32:41 Elite Hearth Troop
33:57 Hoardings
33:16 Gambesons
33:34 Squires
34:50 Chemistry
35:58 Ring Archer Armor
36:52 Ballistics
36:42 Masonry
44:18 Plate Mail Armor
43:58 Pikeman
44:58 Halberdier
Connection lost

Rejoining the realm…

Still unreachable

The connection could not be restored.

Session expired

The server has moved on; the page needs a fresh start.